 Dungeon Crawl Stone Soup version 0.24.1-14-gf8d2b509d9 (webtiles) character file.

Game seed: 16083398871163076817, levelgen mode: deterministic

120 Bodigarde the Grave Robber (level 4, -5/32 HPs)
             Began as a Mummy Necromancer on May 19, 2020.
             Slain by an orc
             ... wielding a +2 hand axe of electrocution
              (14 damage)
             ... on level 3 of the Dungeon.
             The game lasted 00:10:35 (2833 turns).

Bodigarde the Grave Robber (Mummy Necromancer)      Turns: 2833, Time: 00:10:36

Health: -5/32      AC:  3    Str: 12    XL:     4   Next: 75%
Magic:  7/9        EV: 12    Int: 14    God:
Gold:   96         SH:  0    Dex: 12    Spells: 0/9 levels left

rFire    x . .     SeeInvis .   a - +2 whip (vamp)
rCold    + . .     Gourm    .   (no shield)
rNeg     + + +     Faith    .   d - +0 robe
rPois    ∞         Spirit   .   c - +0 helmet
rElec    .         Reflect  .   (no cloak)
rCorr    .         Harm     .   (no gloves)
MR       .....                  (no boots)
Stlth    ++........             (no amulet)
HPRegen  0.10/turn              (no ring)
MPRegen  0.11/turn              (no ring)

@: no status effects
A: no food or potions, fire vulnerability, cold resistance 1, negative energy
resistance 3, torment resistance, unbreathing
a: no special abilities


You were on level 3 of the Dungeon.
You were not hungry.

You visited 1 branch of the dungeon, and saw 3 of its levels.

You collected 96 gold pieces.

Inventory:

Hand Weapons
 a - a +2 vampiric whip (weapon)
 b - a +0 whip of electrocution
Missiles
 g - 73 stones (quivered)
 n - 4 boomerangs
Armour
 c - a +0 helmet (worn)
 d - a +0 robe (worn)
Scrolls
 e - a scroll of fear {unknown}
 f - a scroll of blinking {unknown}
 h - a scroll of magic mapping {unknown}
 i - a scroll of enchant armour {unknown}
 j - a scroll of remove curse {unknown}
 k - 2 scrolls of enchant weapon {unknown}
 l - a scroll of immolation {unknown}
 m - a scroll of identify {unknown}
 o - a scroll of teleportation {unknown}


   Skills:
 + Level 1.3 Fighting
 * Level 1.7 Maces & Flails
 + Level 2.1 Dodging
 - Level 1.5 Stealth
 + Level 3.3 Spellcasting
 * Level 4.7 Necromancy


You couldn't memorise any spells.
You knew the following spells:

 Your Spells              Type           Power        Failure   Level  Hunger
a - Pain                  Necr           ###.         3%          1    N/A
b - Animate Skeleton      Necr           N/A          3%          1    N/A
c - Vampiric Draining     Necr           ###.......   9%          3    N/A
d - Animate Dead          Necr           N/A          30%         4    N/A

Your spell library contained the following spells:

 Spells                   Type           Power        Failure   Level  Hunger
 Regeneration             Chrm/Necr      Unusable     N/A         3    N/A

Dungeon Overview and Level Annotations

Branches:
Dungeon (3/15)

Altars:


Innate Abilities, Weirdness & Mutations

You do not eat or drink.
Your flesh is vulnerable to fire.
You are immune to poison.
Your flesh is cold resistant. (rC+)
You are immune to negative energy. (rN+++)
You are immune to unholy pain and torment.
You can survive without breathing.


Message History

Aiming: Pain (safe; 3% risk of failure)
Press: ? - help, Shift-Dir - straight line, f - orc
Aim: an orc, wielding a +2 hand axe of electrocution and wearing a +0 leather armour (chance to defeat MR: 85%)
The orc barely resists.
You hit the orc.
The orc is heavily wounded.
The orc hits you with a +2 hand axe of electrocution.
You are electrocuted!
Ouch! That really hurt!
You are too injured to fight recklessly!
Casting: Pain (safe; 3% risk of failure)
Confirm with . or Enter, or press ? or * to list all spells.
Aiming: Pain (safe; 3% risk of failure)
Press: ? - help, Shift-Dir - straight line, f/p - orc
Aim: an orc, wielding a +2 hand axe of electrocution and wearing a +0 leather armour (heavily wounded, chance to defeat MR: 85%)
The orc writhes in agony.
The orc hits you with a +2 hand axe of electrocution.
* * * LOW HITPOINT WARNING * * *
You are electrocuted!
You die...

........ ...
#...... ...>
##.....##o... ..
#.....[......
o.o##...........
.............####
#)............
##(((.o##
#..(.(.@#
#$...)!.#
...............
#####.....#####
##...## #####


You could see an orc.

Vanquished Creatures
  4 adders
  2 dart slugs (D:1)
  14 orcs
  2 ball pythons (D:3)
  4 giant cockroaches
  6 goblins
  6 hobgoblins
  4 jackals (D:1)
  A quokka (D:3)
  2 bats (D:1)
  2 frilled lizards
  7 kobolds
  7 rats
61 creatures vanquished.

Vanquished Creatures (collateral kills)
  A worm (D:2)
  An orc (D:3)
  A giant cockroach (D:3)
3 creatures vanquished.

Grand Total: 64 creatures vanquished

Notes
Turn   | Place    | Note
-------+----------+-------------------------------------------
     0 | D:1      | Bodigarde the Mummy Necromancer began the quest for the
                  | Orb.
     0 | D:1      | Reached XP level 1. HP: 13/13 MP: 4/4
    24 | D:1      | Learned a level 1 spell: Animate Skeleton
   207 | D:1      | Reached XP level 2. HP: 20/20 MP: 1/5
   738 | D:1      | Reached skill level 1 in Maces & Flails
  1006 | D:2      | Reached XP level 3. HP: 25/25 MP: 4/7
  1011 | D:2      | Learned a level 3 spell: Vampiric Draining
  1532 | D:2      | Reached skill level 1 in Fighting
  2400 | D:3      | Reached XP level 4. HP: 32/32 MP: 3/8
  2568 | D:2      | Learned a level 4 spell: Animate Dead
  2833 | D:3      | Slain by an orc

Levels and vault maps discovered:
D:1:      ebering_hopf_link, layout_loops_cross, minmay_misc_feat_room
D:2:      layout_loops_ring
D:3:      layout_rooms, lemuel_coloured_pillars_altar, fedhas_ov_isle_minmay

Skill      XL: |  1  2  3 |
---------------+----------+-----
Maces & Flails | 1 |  1.7
Spellcasting   | 3 |  3.3
Fighting       | 1 |  1.3
Dodging        | 2 |  2.1
Stealth        | |  1.5
Necromancy     | |  4.7

Action                   |  1- 3 |  4- 6 || total
-------------------------+-------+-------++-------
Melee: Whip              |    50 |    48 ||    98
Throw: Stone             |     1 |       ||     1
 Cast: Pain              |    67 |    13 ||    80
       Animate Skeleton  |    21 |     3 ||    24
       Vampiric Draining |       |     1 ||     1
 Stab: Sleeping          |     1 |     1 ||     2
Armor: Robe              |     8 |    16 ||    24
Dodge: Dodged            |    39 |    33 ||    72
